 Dungeon Crawl Stone Soup version 0.23.2-1-ga50397a (webtiles) character file.

Game seed: 10467998582766961079

1769 goulibeur the Skirmisher (level 8, -1/69 (71) HPs)
             Began as a Red Draconian Berserker on May 27, 2019.
             Was a Priest of Trog.
             Slain by a cyan ugly thing (13 damage)
             ... on level 6 of the Dungeon.
             The game lasted 00:24:21 (7730 turns).

goulibeur the Skirmisher (Red Draconian Berserker)  Turns: 7730, Time: 00:24:21

HP:   -1/69 (71)    AC:  7    Str: 20    XL:     8   Next: 80%
MP:   8/8           EV: 14    Int:  8    God:    Trog [***...]
Gold: 331           SH:  4    Dex: 12    Spells: 7/7 levels left

rFire    + . .     SeeInvis .   O - +3 flail (protect)
rCold    . . .     Gourm    +   K - +0 buckler
rNeg     . . .     Faith    .   (armour unavailable)
rPois    .         Spirit   .   (helmet restricted)
rElec    .         Reflect  .   (no cloak)
rCorr    .         Harm     .   E - +0 pair of gloves
MR       .....                  (no boots)
Stlth    +.........             o - amulet of the gourmand
HPRegen  0.21/turn              (no ring)
MPRegen  0.11/turn              (no ring)

@: short of breath, berserk cooldown, slowed, very slow
A: breathe fire, unfitting armour, fire resistance 1, cold-blooded, AC +6
a: Breathe Fire, Berserk, Trog's Hand, Renounce Religion


You were on level 6 of the Dungeon.
You worshipped Trog.
Trog was most pleased with you.
You were very full.

You visited 1 branch of the dungeon, and saw 7 of its levels.
You also visited: Sewer.

You collected 389 gold pieces.
You spent 58 gold pieces at shops.

Inventory:

Hand Weapons
 a - a +1 mace
 w - a +0 flail of protection
 x - a +1 flail of holy wrath
 O - a +3 flail of protection (weapon)
Missiles
 J - 2 steel javelins (quivered)
Armour
 E - a +0 pair of gloves (worn)
 K - a +0 buckler (worn)
Jewellery
 k - a +4 ring of intelligence
 o - an amulet of the gourmand (around neck)
 q - an uncursed ring of protection from magic {unknown}
 u - a +2 ring of dexterity {unknown}
 F - a +5 amulet of reflection {unknown}
 G - an uncursed ring of resist corrosion {unknown}
Wands
 i - a wand of scattershot (4)
 j - a wand of random effects (15)
Scrolls
 e - a scroll of immolation
 h - 3 scrolls of remove curse
 l - 4 scrolls of teleportation
 m - 5 scrolls of amnesia
 s - a scroll of magic mapping {unknown}
 y - 2 scrolls of identify
 A - 2 scrolls of fear {unknown}
 C - 2 scrolls of blinking {unknown}
 D - a scroll of enchant armour {unknown}
 H - 2 scrolls of random uselessness {unknown}
 I - a scroll of fog
 L - 3 scrolls of enchant weapon
Potions
 c - 3 potions of cancellation
 d - 2 potions of curing {unknown}
 f - a potion of might {unknown}
 g - a potion of magic {unknown}
 n - a potion of degeneration {unknown}
 p - a potion of invisibility {unknown}
 r - 2 potions of brilliance {unknown}
 t - a potion of resistance {unknown}
 v - a potion of agility {unknown}
 z - 3 potions of lignification {unknown}
 B - 2 potions of heal wounds {unknown}
 N - a potion of haste {unknown}
Comestibles
 b - 16 rations
 M - 2 chunks of flesh


   Skills:
 + Level 6.9 Fighting
 + Level 6.2 Maces & Flails
 + Level 4.8 Throwing
 + Level 5.7 Dodging
 + Level 2.3 Shields


You had 7 spell levels left.
You didn't know any spells.
Your spell library was empty.

Dungeon Overview and Level Annotations

Branches:
Dungeon (7/15)
 Temple: D:4-7

Altars:
Ashenzari
Cheibriados
Elyvilon
Fedhas
Hepliaklqana
Nemelex Xobeh
Ru
Uskayaw
Xom

Shops:
D:6 *


Innate Abilities, Weirdness & Mutations

You can breathe blasts of fire.
Your fiery red scales are hard. (AC +6)
You cannot fit into any form of body armour.
Your flesh is heat resistant. (rF+)
You are cold-blooded and may be slowed by cold attacks.


Message History

The orc wizard miscasts a cantrip.
The bullfrog closely misses you. The cyan ugly thing closely misses you.
You climb upwards.
There is a stone staircase leading down here.
The cyan ugly thing misses you. The bullfrog closely misses you.
The cyan ugly thing misses you.
The bullfrog hits you but does no damage.
The cyan ugly thing bites you! The cyan ugly thing shocks you!
The bullfrog closely misses you.
Press: ? - help, Shift-Dir - straight line, f - cyan ugly thing
Aim: a cyan ugly thing You breathe a blast of fire.
The fiery breath misses the cyan ugly thing.
You feel somewhat less full. The cyan ugly thing bites you.
The cyan ugly thing shocks you!
* * * LOW HITPOINT WARNING * * *
The cyan ugly thing bites you.
* * * LOW HITPOINT WARNING * * *
The cyan ugly thing shocks you!
You die...

############# #...#P......##
##########.P....♣♣P...### ###
#.>........♣...♣≈♣≈♣..♣.# ##..
#.............♣≈≈≈≈♣....♣##...
#..............≈≈≈≈≈≈♣........
#..........##.P.♣≈♣≈≈≈.♣......
####...§.>.Fu@♣..♣≈♣♣P..##....
#####.<...#######....♣♣..#.###...
......#.### ##.....#......∩# ##..
#######.# #..#####.......# ###
######..# ##.## #........#
..##...## ##..#####.#####..#
#.#..### #.........# #..# #.#.###
#...####### #..###### #.(...#
##..## ##..#.##..


You could see a cyan ugly thing and a bullfrog.

Vanquished Creatures
  Grinder (D:5)
  Sigmund (D:4)
  Edmund (D:6)
  A black bear (D:6)
  A necrophage (D:6)
  An orc warrior (D:7)
  An ogre (D:6)
  A centaur (D:5)
  A bullfrog (D:6)
  A howler monkey (D:5)
  3 electric eels (D:6)
  3 orc priests (D:6)
  3 hounds
  2 orc wizards
  An iguana (D:4)
  2 worker ants
  A hound zombie (D:5)
  11 adders
  7 gnolls
  An adder zombie (D:5)
  3 worms
  A dart slug (D:2)
  3 leopard geckos
  12 orcs
  12 bats
  5 giant cockroaches
  8 goblins
  9 hobgoblins
  15 jackals
  3 quokkas
  5 ball pythons
  11 frilled lizards
  17 kobolds
  A leopard gecko zombie (D:6)
  7 rats
  3 plants
159 creatures vanquished.

Vanquished Creatures (others)
  4 plants
4 creatures vanquished.

Grand Total: 163 creatures vanquished

Notes
Turn   | Place    | Note
-------+----------+-------------------------------------------
     0 | D:1      | goulibeur the Draconian Berserker began the quest for the
                  | Orb.
     0 | D:1      | Reached XP level 1. HP: 19/19 MP: 1/1
   244 | D:1      | Reached XP level 2. HP: 26/26 MP: 2/2
   512 | D:1      | Reached skill level 1 in Throwing
   611 | D:1      | Reached ** piety under Trog
   630 | D:1      | Reached XP level 3. HP: 31/33 MP: 3/3
  1451 | D:2      | Found a sparkling altar of Nemelex Xobeh.
  1782 | D:2      | Reached XP level 4. HP: 36/40 MP: 4/4
  1946 | D:2      | Found a snail-covered altar of Cheibriados.
  2288 | D:3      | Found a shimmering altar of Xom.
  2288 | D:3      | Found a sacrificial altar of Ru.
  2443 | D:3      | Found a shattered altar of Ashenzari.
  3014 | D:4      | Reached XP level 5. HP: 46/46 MP: 5/5
  3161 | D:4      | Reached *** piety under Trog
  3209 | D:4      | Found a hazy altar of Hepliaklqana.
  3452 | D:4      | Reached XP level 6. HP: 44/53 MP: 6/6
  3511 | D:4      | Found a shattered altar of Ashenzari.
  3532 | D:4      | Noticed Sigmund
  3537 | D:4      | Found a glowing drain.
  3545 | D:4      | Killed Sigmund
  3545 | D:4      | Reached skill level 5 in Fighting
  3561 | Sewer    | Entered a sewer
  4679 | D:5      | Entered Level 5 of the Dungeon
  4687 | D:5      | Your scales start taking on a fiery red colour.
  4687 | D:5      | Reached XP level 7. HP: 59/61 MP: 7/7
  4687 | D:5      | Gained mutation: Your flesh is heat resistant. (rF+) [Red
                  | Draconian growth]
  5248 | D:5      | Reached skill level 5 in Maces & Flails
  5425 | D:5      | Noticed Grinder
  5433 | D:5      | Killed Grinder
  5478 | D:5      | Found a blossoming altar of Fedhas.
  5559 | D:6      | Reached skill level 5 in Dodging
  5561 | D:6      | Reached **** piety under Trog
  5561 | D:6      | Reached XP level 8. HP: 68/70 MP: 8/8
  5582 | D:6      | Found a hide-covered altar of Uskayaw.
  6137 | D:6      | Found Oloam's General Store.
  6143 | D:6      | Received a gift from Trog
  6168 | D:6      | Bought a +0 buckler for 58 gold pieces
  6469 | D:6      | HP: 1/102 [electric eel/bolt of electricity (14)]
  6888 | D:6      | Reached skill level 1 in Shields
  7455 | D:6      | Noticed Edmund
  7468 | D:6      | Killed Edmund
  7691 | D:7      | Found a white marble altar of Elyvilon.
  7714 | D:7      | Noticed a cyan ugly thing
  7730 | D:6      | Slain by a cyan ugly thing

Skill      XL: |  1  2  3  4  5  6  7  8 |
---------------+-------------------------+-----
Throwing       | 1 2 3 4 |  4.8
Dodging        | 3 4 5 |  5.7
Fighting       | 4 5 6 |  6.9
Maces & Flails | 4 5 6 |  6.2
Shields        | 2 |  2.3

Action                   |  1- 3 |  4- 6 |  7- 9 || total
-------------------------+-------+-------+-------++-------
Melee: Mace              |   137 |   102 |       ||   239
       Tailslap          |    19 |    31 |    30 ||    80
       Flail             |       |   148 |   188 ||   336
Throw: Javelin           |       |       |     1 ||     1
Invok: Berserk           |       |     4 |     9 ||    13
 Abil: Breathe Fire      |       |       |     5 ||     5
  Use: Scroll            |       |     9 |       ||     9
 Stab: Sleeping          |     1 |       |       ||     1
  Eat: Chunk             |     3 |    21 |    19 ||    43
Armor: Skin              |    53 |   101 |    25 ||   179
Dodge: Dodged            |   131 |   231 |   112 ||   474
Block: Buckler           |       |       |     9 ||     9
